 Dungeon Crawl Stone Soup version 0.30-a0-145-g03d90e2e6d (webtiles) character file.

Game seed: 12761126586854147317

21506 qw the Cleaver (level 12, -2/77 HPs)
             Began as a Gargoyle Fighter on Sept 26, 2022.
             Was a High Priest of Okawaru.
             Slain by a yak (3 damage)
             ... on level 1 of the Lair of Beasts.
             The game lasted 00:04:48 (11973 turns).

qw the Cleaver (Gargoyle Fighter)                  Turns: 11973, Time: 00:04:48

Health: -2/77      AC: 26    Str: 24    XL:     12   Next: 90%
Magic:  19/19      EV: 13    Int: 10    God:    Okawaru [*****.]
Gold:   591        SH:  6    Dex:  9    Spells: 11/11 levels left

rFire   + . .      SeeInvis .    p - +3 war axe
rCold   + . .      Faith    .    c - +0 buckler
rNeg    + . .      Spirit   .    a - +2 plate armour
rPois   inf        Reflect  .    (no helmet)
rElec   +          Harm     .    o - scarf {rC+ rF+}
rCorr   +          Rampage  .    (no gloves)
Will    .....                    (no boots)
Stlth   ..........               (no amulet)
HPRegen 0.22/turn                f - ring of resist corrosion
MPRegen 0.16/turn                i - +4 ring of evasion

@: heroic
A: sickness immunity, AC +8, negative energy resistance 1, electricity
resistance, torment resistance 1, petrification resistance
a: Renounce Religion, Heroism, Finesse, Duel


You were on level 1 of the Lair of Beasts.
You worshipped Okawaru.
Okawaru was extremely pleased with you.
You visited 2 branches of the dungeon, and saw 10 of its levels.

You collected 591 gold pieces.


Innate Abilities, Weirdness & Mutations

You are immune to sickness and miasma.
Your stone body is resilient. (AC +8)
You are immune to poison.
You resist negative energy. (rN+)
You are resistant to electric shocks. (rElec)
You are resistant to unholy torment.
You are immune to petrification.


   Skills:
 - Level 10.0(15.0) Fighting
 + Level 13.1(18.1) Axes
 - Level 1.2(6.2) Throwing
 - Level 8.0(13.0) Armour
 - Level 2.0(7.0) Dodging
 - Level 6.2(11.2) Shields
 - Level 10.0 Invocations


You had 11 spell levels left.
You didn't know any spells.
Your spell library was empty.

Inventory:

Hand Weapons
 g - a +0 morningstar
 p - a +3 war axe (weapon)
Armour
 a - a +2 plate armour (worn)
 c - a +0 buckler (worn)
 o - a scarf of resistance (worn)
 r - a +0 cloak
Jewellery
 e - a ring of fire
 f - a ring of resist corrosion (left hand)
 i - a +4 ring of evasion (right hand)
Scrolls
 l - 5 scrolls of identify
Potions
 b - 5 potions of curing
 d - 3 potions of might
 h - a potion of mutation
 j - 3 potions of lignification
 q - a potion of resistance

Dungeon Overview and Level Annotations

Branches:
Dungeon (9/15)             Temple (0/1) D:7            Lair (1/5) D:9
    Orc: D:9-12

Altars:
Dithmenos
Gozag
Kikubaaqudgha
Nemelex Xobeh
Okawaru
Qazlal
Wu Jian
Xom
Yredelemnul
Jiyva

Annotations:
D:2 1 runed translucent door, Crazy Yiuf


Message History

The cane toad stings you but does no damage.
The yak gores you.
You hit the cane toad but do no damage.
The cane toad is almost dead.
You barely miss the yak. The cane toad closely misses you.
You block the water moccasin's attack.
You barely miss the cane toad.
The cane toad is almost dead.
You hit the yak but do no damage. You slice the water moccasin!!
The yak misses you.
The cane toad stings you but does no damage.
You block the water moccasin's attack.
You slash the cane toad!
You kill the cane toad!
Okawaru accepts your kill.
You hit the yak. You slice the water moccasin!!
You kill the water moccasin!
Okawaru accepts your kill. The yak gores you.
You slash the yak!
The yak is severely wounded.
You slash the yak! x3
The yak gores you but does no damage. The yak barely misses you.
The yak gores you!
You closely miss the yak.
The yak is severely wounded.
You slash the yak! You closely miss the yak. You barely miss the yak.
You hit the yak.
The yak is almost dead.
You barely miss the yak. You slice the yak!!
You kill the yak!
Okawaru accepts your kill.
You completely miss the yak. You block the yak's attack. The yak gores you.
You slash the yak!
You kill the yak!
Okawaru accepts your kill.
You slash the yak! You hit the yak. The yak barely misses you.
The yak gores you.
You die...

#.YYF.}...#..F....#
#.#.Y.......####.....#
#..##.....$..## .##..
### ###...}...# #
......(...#
..........#
.}..}.>.}.+
......YYY.#
......%@..#
###...}..##
#......#### #
........##.#.#
..}...#......#
.....#?..ยค...#
.....#.%"%...#
..###....###.# ####.#


You could see 3 yaks.

Vanquished Creatures
  2 two-headed ogres (D:9)
  6 elephants (Lair:1)
  3 komodo dragons
  4 cane toads (Lair:1)
  Maggie (Lair:1)
  10 blink frogs (Lair:1)
  3 wyverns
  14 yaks
  An acid dragon (D:9)
  6 water moccasins
  2 ice beasts
  2 sky beasts (D:6)
  3 orc warriors
  2 black bears
  An ogre (D:6)
  2 centaurs (D:7)
  A kobold brigand (D:8)
  A bullfrog (D:6)
  2 necrophages
  4 scorpions
  19 wights
  7 killer bees
  4 howler monkeys
  3 hounds
  2 gnoll boudas
  4 orc priests
  4 jellies (D:8)
  5 iguanas
  12 orc wizards
  8 gnolls
  11 adders
  3 shadow imps
  A white imp (D:5)
  3 ufetubi
  4 worms
  3 dart slugs
  44 orcs
  3 ball pythons
  8 endoplasms
  A giant cockroach (D:1)
  8 goblins
  9 hobgoblins
  22 kobolds
  6 quokkas
  3 bats (D:1)
  3 frilled lizards
  5 rats (D:1)
275 creatures vanquished.

Vanquished Creatures (others)
  3 fungi (Lair:1)
  6 plants
9 creatures vanquished.

Grand Total: 284 creatures vanquished

Notes
Turn   | Place    | Note
-------+----------+-------------------------------------------
     0 | D:1      | qw the Gargoyle Fighter began the quest for the Orb.
     0 | D:1      | Reached XP level 1. HP: 14/14 MP: 1/1
     0 | D:1      | 0 ||| qw: Version: 0.2-a-10-g399e6c4
     0 | D:1      | 0 ||| qw: Game counter: 507
     0 | D:1      | 0 ||| qw: Always use a shield: true
     0 | D:1      | 0 ||| qw: God list: Okawaru
     0 | D:1      | 0 ||| qw: Allow faded altars: false
     0 | D:1      | 0 ||| qw: Do Orc after D:15 true
     0 | D:1      | 0 ||| qw: Do second Lair branch before Depths: true
     0 | D:1      | 0 ||| qw: Lair rune preference: random
     0 | D:1      | 0 ||| qw: Plans: Normal, Zot:1-4, God:TSO, Crypt, Tomb,
                  | Pan, Slime:5, Hells, Abyss, Orb
     0 | D:1      | 0 ||| PLANNING D:1-11
    42 | D:1      | Reached skill level 2 in Axes
   197 | D:1      | Reached XP level 2. HP: 16/19 MP: 2/2
   287 | D:1      | 287 ||| Stepping ~*~*~tactically~*~*~ (stealth).
   368 | D:1      | 368 ||| DROPPING +0 club.
   458 | D:1      | 458 ||| Stepping ~*~*~tactically~*~*~ (stealth).
   700 | D:1      | Reached skill level 3 in Axes
   707 | D:1      | Reached XP level 3. HP: 23/23 MP: 3/3
   715 | D:1      | 715 ||| Stepping ~*~*~tactically~*~*~ (stealth).
   720 | D:1      | 720 ||| Stepping ~*~*~tactically~*~*~ (stealth).
  1178 | D:1      | 1178 ||| READING scroll labelled ALEJUT QEMO.
  1179 | D:1      | 1179 ||| READING scroll labelled FOUKHLE VOIRAXE.
  1180 | D:1      | 1180 ||| READING scroll labelled FAEPRA SUORR.
  1181 | D:1      | 1181 ||| READING scroll labelled QEUCWURESA.
  1350 | D:2      | Found a runed translucent door.
  1351 | D:2      | Noticed Crazy Yiuf
  1434 | D:2      | 1434 ||| Stepping ~*~*~tactically~*~*~ (hiding).
  1478 | D:2      | Reached XP level 4. HP: 28/28 MP: 4/4
  1487 | D:2      | 1487 ||| Stepping ~*~*~tactically~*~*~ (stealth).
  1550 | D:2      | Noticed a black bear
  1551 | D:2      | 1551 ||| Stepping ~*~*~tactically~*~*~ (stealth).
  1563 | D:2      | Reached skill level 4 in Axes
  1568 | D:2      | HP: 5/28 [black bear (10)]
  1569 | D:2      | Killed a black bear
  1570 | D:2      | Reached XP level 5. HP: 5/32 MP: 5/5
  1644 | D:2      | 1644 ||| FLEEEEING.
  1645 | D:2      | 1645 ||| FLEEEEING.
  1646 | D:2      | 1646 ||| FLEEEEING.
  1647 | D:2      | 1647 ||| FLEEEEING.
  1648 | D:2      | 1648 ||| FLEEEEING.
  1649 | D:2      | 1649 ||| FLEEEEING.
  1650 | D:2      | 1650 ||| FLEEEEING.
  1651 | D:2      | 1651 ||| FLEEEEING.
  1655 | D:2      | 1655 ||| FLEEEEING.
  1656 | D:2      | 1656 ||| FLEEEEING.
  1657 | D:2      | 1657 ||| FLEEEEING.
  1658 | D:2      | 1658 ||| FLEEEEING.
  1659 | D:2      | 1659 ||| FLEEEEING.
  1660 | D:2      | 1660 ||| FLEEEEING.
  1665 | D:2      | Reached skill level 5 in Axes
  1923 | D:2      | Found a faded altar of an unknown god.
  2154 | D:2      | 2154 ||| Stepping ~*~*~tactically~*~*~ (stealth).
  2155 | D:2      | 2155 ||| Stepping ~*~*~tactically~*~*~ (stealth).
  2422 | D:2      | 2422 ||| UPGRADING to +0 plate armour.
  2432 | D:2      | 2432 ||| DROPPING +0 scale mail.
  2433 | D:2      | 2433 ||| READING scroll labelled IFILETR SOPNY.
  2434 | D:2      | 2434 ||| READING scroll labelled FORPHU QYARAG.
  2544 | D:3      | 2544 ||| Stepping ~*~*~tactically~*~*~ (stealth).
  2705 | D:3      | 2705 ||| Stepping ~*~*~tactically~*~*~ (hiding).
  2706 | D:3      | 2706 ||| Stepping ~*~*~tactically~*~*~ (hiding).
  2717 | D:3      | Reached XP level 6. HP: 35/38 MP: 6/6
  2920 | D:3      | 2920 ||| Stepping ~*~*~tactically~*~*~ (hiding).
  2921 | D:3      | 2921 ||| FLEEEEING.
  2923 | D:3      | 2923 ||| FLEEEEING.
  2924 | D:3      | 2924 ||| FLEEEEING.
  2925 | D:3      | 2925 ||| FLEEEEING.
  2926 | D:3      | 2926 ||| FLEEEEING.
  2927 | D:3      | 2927 ||| FLEEEEING.
  2932 | D:3      | 2932 ||| FLEEEEING.
  2933 | D:3      | 2933 ||| FLEEEEING.
  2934 | D:3      | 2934 ||| FLEEEEING.
  2935 | D:3      | 2935 ||| FLEEEEING.
  2936 | D:3      | 2936 ||| FLEEEEING.
  2937 | D:3      | 2937 ||| FLEEEEING.
  2938 | D:3      | 2938 ||| FLEEEEING.
  2939 | D:3      | 2939 ||| FLEEEEING.
  2940 | D:3      | 2940 ||| FLEEEEING.
  2941 | D:3      | 2941 ||| FLEEEEING.
  2948 | D:3      | 2948 ||| FLEEEEING.
  2949 | D:3      | 2949 ||| FLEEEEING.
  2953 | D:3      | 2953 ||| FLEEEEING.
  2955 | D:3      | 2955 ||| FLEEEEING.
  2956 | D:3      | 2956 ||| FLEEEEING.
  2957 | D:3      | 2957 ||| FLEEEEING.
  2961 | D:3      | 2961 ||| STAIRDANCE
  3088 | D:2      | 3088 ||| UPGRADING to ring of resist corrosion.
  3089 | D:2      | 3089 ||| READING scroll labelled UTOUDOSCHUA.
  3090 | D:2      | 3090 ||| READING scroll labelled HOUMIR WUYWN.
  3541 | D:3      | Found a shimmering altar of Xom.
  3548 | D:3      | 3548 ||| READING scroll of enchant weapon.
  3548 | D:3      | 3548 ||| ENCHANTING +1 war axe.
  3645 | D:3      | 3645 ||| DRINKING 2 brown potions.
  3646 | D:3      | 3646 ||| DRINKING 2 emerald potions.
  3902 | D:4      | Reached skill level 6 in Axes
  3904 | D:4      | 3904 ||| FLEEEEING.
  3982 | D:4      | 3982 ||| Stepping ~*~*~tactically~*~*~ (stealth).
  4034 | D:4      | Reached XP level 7. HP: 43/43 MP: 7/7
  4036 | D:4      | 4036 ||| Stepping ~*~*~tactically~*~*~ (hiding).
  4465 | D:4      | 4465 ||| Stepping ~*~*~tactically~*~*~ (stealth).
  4474 | D:4      | Reached skill level 7 in Axes
  4892 | D:4      | 4892 ||| UPGRADING to +4 ring of evasion.
  4904 | D:5      | Entered Level 5 of the Dungeon
  4905 | D:5      | 4905 ||| STAIRDANCE
  4974 | D:5      | 4974 ||| STAIRDANCE
  5081 | D:5      | 5081 ||| STAIRDANCE
  5243 | D:5      | 5243 ||| STAIRDANCE
  5327 | D:5      | 5327 ||| STAIRDANCE
  5335 | D:5      | 5335 ||| STAIRDANCE
  5430 | D:5      | 5430 ||| Stepping ~*~*~tactically~*~*~ (hiding).
  5485 | D:5      | 5485 ||| Stepping ~*~*~tactically~*~*~ (stealth).
  5535 | D:5      | Found an iron altar of Okawaru.
  5536 | D:5      | 5536 ||| PLANNING OKAWARU WORSHIP
  5538 | D:5      | Found an ancient bone altar of Kikubaaqudgha.
  5539 | D:5      | Found a sparkling altar of Nemelex Xobeh.
  5543 | D:5      | Became a worshipper of Warmaster Okawaru
  5544 | D:5      | 5544 ||| PLANNING D:1-11
  5605 | D:5      | Found a basalt altar of Yredelemnul.
  5642 | D:5      | Reached skill level 1 in Dodging
  5642 | D:5      | Reached XP level 8. HP: 49/49 MP: 8/8
  5927 | D:5      | You fall into a shaft and drop 1 floor!
  6001 | D:6      | Reached skill level 8 in Axes
  6170 | D:6      | 6170 ||| DROPPING +6 ring of intelligence.
  6171 | D:6      | 6171 ||| READING 4 scrolls of identify.
  6171 | D:6      | 6171 ||| IDENTIFYING glowing coppery potion
  6172 | D:6      | 6172 ||| READING 3 scrolls of identify.
  6172 | D:6      | 6172 ||| IDENTIFYING yellow potion
  6173 | D:6      | 6173 ||| READING 2 scrolls of identify.
  6173 | D:6      | 6173 ||| IDENTIFYING fuming sapphire potion
  6174 | D:6      | 6174 ||| DROPPING potion of invisibility.
  6250 | D:5      | 6250 ||| Stepping ~*~*~tactically~*~*~ (hiding).
  6258 | D:5      | 6258 ||| DRINKING 2 potions of curing.
  6258 | D:5      | 6258 ||| (to cure confusion)
  6264 | D:5      | Reached * piety under Okawaru
  6407 | D:6      | 6407 ||| STAIRDANCE
  6417 | D:5      | Reached skill level 6 in Fighting
  6417 | D:5      | Reached skill level 1 in Invocations
  6497 | D:6      | 6497 ||| FLEEEEING.
  6505 | D:6      | 6505 ||| STAIRDANCE
  6582 | D:6      | 6582 ||| INVOKING Heroism.
  6595 | D:6      | 6595 ||| Stepping ~*~*~tactically~*~*~ (stealth).
  6608 | D:6      | 6608 ||| FLEEEEING.
  6615 | D:6      | 6615 ||| STAIRDANCE
  6653 | D:6      | 6653 ||| Stepping ~*~*~tactically~*~*~ (stealth).
  6662 | D:6      | Reached skill level 3 in Invocations
  6663 | D:6      | 6663 ||| INVOKING Heroism.
  6666 | D:6      | 6666 ||| FLEEEEING.
  6667 | D:6      | 6667 ||| FLEEEEING.
  6668 | D:6      | 6668 ||| FLEEEEING.
  6669 | D:6      | 6669 ||| FLEEEEING.
  6670 | D:6      | 6670 ||| FLEEEEING.
  6671 | D:6      | 6671 ||| STAIRDANCE
  6840 | D:6      | 6840 ||| STAIRDANCE
  6845 | D:5      | Reached XP level 9. HP: 43/55 MP: 11/11
  6913 | D:6      | 6913 ||| INVOKING Heroism.
  7234 | D:6      | 7234 ||| Stepping ~*~*~tactically~*~*~ (stealth).
  7237 | D:6      | 7237 ||| Stepping ~*~*~tactically~*~*~ (stealth).
  7238 | D:6      | 7238 ||| Stepping ~*~*~tactically~*~*~ (stealth).
  7257 | D:6      | Found a stormy altar of Qazlal.
  7312 | D:6      | Reached skill level 9 in Axes
  7352 | D:6      | 7352 ||| INVOKING Heroism.
  7568 | D:6      | 7568 ||| READING scroll labelled ITESACUSMA.
  7569 | D:6      | 7569 ||| READING 2 scrolls of identify.
  7569 | D:6      | 7569 ||| IDENTIFYING murky pink potion
  7570 | D:6      | 7570 ||| DROPPING potion of berserk rage.
  7677 | D:7      | 7677 ||| Stepping ~*~*~tactically~*~*~ (hiding).
  7679 | D:7      | 7679 ||| INVOKING Heroism.
  7717 | D:7      | Found a shadowy altar of Dithmenos.
  7736 | D:7      | 7736 ||| Stepping ~*~*~tactically~*~*~ (stealth).
  7738 | D:7      | 7738 ||| Stepping ~*~*~tactically~*~*~ (hiding).
  7743 | D:7      | 7743 ||| INVOKING Heroism.
  7821 | D:7      | Found a flagged portal.
  7858 | D:7      | 7858 ||| Stepping ~*~*~tactically~*~*~ (stealth).
  7868 | D:7      | 7868 ||| Stepping ~*~*~tactically~*~*~ (stealth).
  7870 | D:7      | 7870 ||| Stepping ~*~*~tactically~*~*~ (stealth).
  7884 | D:7      | 7884 ||| INVOKING Heroism.
  7909 | D:7      | Reached ** piety under Okawaru
  7999 | D:7      | 7999 ||| READING scroll of enchant armour.
  7999 | D:7      | 7999 ||| ENCHANTING +0 plate armour.
  8166 | D:7      | Found a staircase to the Ecumenical Temple.
  8167 | D:7      | Found an ornate altar of the Wu Jian Council.
  8396 | D:7      | 8396 ||| UPGRADING to +0 cloak.
  8401 | D:7      | 8401 ||| READING scroll labelled CUTAETHU MOAG.
  8467 | D:7      | 8467 ||| READING scroll labelled VYOLYBE OSHOEW.
  8468 | D:7      | 8468 ||| READING scroll labelled NAGYRO RAUMO.
  8469 | D:7      | 8469 ||| READING scroll labelled YHININ TOJIBLY.
  8487 | D:8      | 8487 ||| STAIRDANCE
  8513 | D:8      | 8513 ||| Stepping ~*~*~tactically~*~*~ (stealth).
  8529 | D:8      | Reached skill level 6 in Armour
  8530 | D:8      | 8530 ||| INVOKING Heroism.
  8535 | D:8      | Reached XP level 10. HP: 43/63 MP: 10/13
  8540 | D:8      | Reached skill level 10 in Axes
  8640 | D:8      | 8640 ||| INVOKING Heroism.
  8644 | D:8      | Reached *** piety under Okawaru
  8751 | D:8      | 8751 ||| INVOKING Heroism.
  8866 | D:8      | Found an opulent altar of Gozag.
  8906 | D:8      | 8906 ||| INVOKING Heroism.
  8922 | D:8      | HP: 11/64 [yak (9)]
  8923 | D:8      | 8923 ||| READING 10 scrolls of teleportation.
  8924 | D:8      | 8924 ||| DRINKING 2 potions of heal wounds.
  8933 | D:8      | 8933 ||| INVOKING Heroism.
  9113 | D:8      | Reached skill level 1 in Throwing
  9258 | D:8      | 9258 ||| FLEEEEING.
  9259 | D:8      | 9259 ||| FLEEEEING.
  9260 | D:8      | 9260 ||| FLEEEEING.
  9261 | D:8      | 9261 ||| FLEEEEING.
  9262 | D:8      | 9262 ||| FLEEEEING.
  9263 | D:8      | 9263 ||| FLEEEEING.
  9267 | D:8      | 9267 ||| FLEEEEING.
  9268 | D:8      | 9268 ||| FLEEEEING.
  9269 | D:8      | 9269 ||| FLEEEEING.
  9270 | D:8      | 9270 ||| FLEEEEING.
  9271 | D:8      | 9271 ||| FLEEEEING.
  9272 | D:8      | 9272 ||| FLEEEEING.
  9274 | D:8      | 9274 ||| FLEEEEING.
  9275 | D:8      | 9275 ||| FLEEEEING.
  9276 | D:8      | 9276 ||| FLEEEEING.
  9277 | D:8      | 9277 ||| FLEEEEING.
  9278 | D:8      | 9278 ||| FLEEEEING.
  9279 | D:8      | 9279 ||| FLEEEEING.
  9280 | D:8      | 9280 ||| FLEEEEING.
  9281 | D:8      | 9281 ||| FLEEEEING.
  9286 | D:8      | 9286 ||| INVOKING Heroism.
  9313 | D:8      | 9313 ||| FLEEEEING.
  9314 | D:8      | 9314 ||| FLEEEEING.
  9315 | D:8      | 9315 ||| FLEEEEING.
  9317 | D:8      | 9317 ||| FLEEEEING.
  9318 | D:8      | 9318 ||| FLEEEEING.
  9319 | D:8      | 9319 ||| FLEEEEING.
  9320 | D:8      | 9320 ||| FLEEEEING.
  9321 | D:8      | 9321 ||| FLEEEEING.
  9322 | D:8      | 9322 ||| FLEEEEING.
  9323 | D:8      | 9323 ||| FLEEEEING.
  9324 | D:8      | 9324 ||| STAIRDANCE
  9369 | D:7      | 9369 ||| UPGRADING to scarf of resistance.
  9381 | D:8      | 9381 ||| INVOKING Heroism.
  9429 | D:8      | 9429 ||| INVOKING Heroism.
  9484 | D:8      | 9484 ||| Stepping ~*~*~tactically~*~*~ (stealth).
  9602 | D:8      | Found a viscous altar of Jiyva.
  9802 | D:9      | 9802 ||| INVOKING Heroism.
  9815 | D:9      | Reached skill level 11 in Axes
  9900 | D:9      | 9900 ||| INVOKING Heroism.
  9991 | D:9      | Found a staircase to the Lair.
 10000 | D:9      | 10000 ||| INVOKING Heroism.
 10019 | D:9      | Reached skill level 9 in Fighting
 10283 | D:9      | 10283 ||| READING scroll of enchant armour.
 10283 | D:9      | 10283 ||| ENCHANTING +1 plate armour.
 10327 | D:9      | 10327 ||| Stepping ~*~*~tactically~*~*~ (stealth).
 10334 | D:9      | Reached **** piety under Okawaru
 10335 | D:9      | 10335 ||| Stepping ~*~*~tactically~*~*~ (stealth).
 10336 | D:9      | 10336 ||| Stepping ~*~*~tactically~*~*~ (stealth).
 10395 | D:9      | 10395 ||| SWAPPING to +3 war axe.
 10396 | D:9      | 10396 ||| DROPPING +2 war axe.
 10434 | D:9      | Reached XP level 11. HP: 71/71 MP: 14/14
 10608 | D:9      | 10608 ||| INVOKING Heroism.
 10996 | D:9      | 10996 ||| Stepping ~*~*~tactically~*~*~ (stealth).
 10999 | D:9      | 10999 ||| Stepping ~*~*~tactically~*~*~ (stealth).
 11001 | D:9      | 11001 ||| Stepping ~*~*~tactically~*~*~ (stealth).
 11003 | D:9      | 11003 ||| Stepping ~*~*~tactically~*~*~ (stealth).
 11004 | D:9      | 11004 ||| Stepping ~*~*~tactically~*~*~ (stealth).
 11104 | D:9      | Noticed a two-headed ogre
 11105 | D:9      | 11105 ||| INVOKING Heroism.
 11110 | D:9      | Killed a two-headed ogre
 11376 | D:9      | Noticed a two-headed ogre
 11377 | D:9      | 11377 ||| INVOKING Heroism.
 11383 | D:9      | Killed a two-headed ogre
 11406 | D:9      | 11406 ||| PLANNING LAIR
 11406 | D:9      | 11406 ||| READING 7 scrolls of identify.
 11406 | D:9      | 11406 ||| IDENTIFYING lumpy puce potion
 11407 | D:9      | 11407 ||| READING 6 scrolls of identify.
 11407 | D:9      | 11407 ||| IDENTIFYING amethyst potion
 11408 | D:9      | 11408 ||| DRINKING potion of experience.
 11408 | D:9      | Reached skill level 12 in Axes
 11408 | D:9      | Reached skill level 9 in Invocations
 11408 | D:9      | Reached XP level 12. HP: 76/76 MP: 15/18
 11474 | Lair:1   | Entered Level 1 of the Lair of Beasts
 11594 | Lair:1   | Noticed Maggie
 11598 | Lair:1   | 11598 ||| INVOKING Heroism.
 11615 | Lair:1   | Killed Maggie
 11622 | Lair:1   | Reached ***** piety under Okawaru
 11623 | Lair:1   | Reached skill level 6 in Shields
 11624 | Lair:1   | HP: 17/76 [elephant (12)]
 11625 | Lair:1   | 11625 ||| READING 9 scrolls of teleportation.
 11625 | Lair:1   | HP: 8/76 [elephant (9)]
 11626 | Lair:1   | 11626 ||| DRINKING 2 potions of heal wounds.
 11630 | Lair:1   | 11630 ||| Stepping ~*~*~tactically~*~*~ (stealth).
 11636 | Lair:1   | HP: 18/76 [yak (6)]
 11637 | Lair:1   | 11637 ||| READING 8 scrolls of teleportation.
 11638 | Lair:1   | 11638 ||| DRINKING potion of heal wounds.
 11646 | Lair:1   | 11646 ||| INVOKING Heroism.
 11647 | Lair:1   | 11647 ||| Stepping ~*~*~tactically~*~*~ (stealth).
 11653 | Lair:1   | HP: 10/76 [yak (12)]
 11654 | Lair:1   | 11654 ||| READING 7 scrolls of teleportation.
 11673 | Lair:1   | 11673 ||| READING 6 scrolls of teleportation.
 11679 | Lair:1   | 11679 ||| READING 5 scrolls of teleportation.
 11690 | Lair:1   | 11690 ||| READING 4 scrolls of teleportation.
 11691 | Lair:1   | 11691 ||| INVOKING Heroism.
 11753 | Lair:1   | 11753 ||| INVOKING Heroism.
 11765 | Lair:1   | 11765 ||| Stepping ~*~*~tactically~*~*~ (stealth).
 11781 | Lair:1   | 11781 ||| Stepping ~*~*~tactically~*~*~ (stealth).
 11788 | Lair:1   | 11788 ||| Stepping ~*~*~tactically~*~*~ (stealth).
 11812 | Lair:1   | 11812 ||| Stepping ~*~*~tactically~*~*~ (stealth).
 11825 | Lair:1   | 11825 ||| INVOKING Heroism.
 11849 | Lair:1   | Reached skill level 13 in Axes
 11875 | Lair:1   | 11875 ||| INVOKING Heroism.
 11876 | Lair:1   | HP: 8/77 [blink frog (13)]
 11877 | Lair:1   | 11877 ||| READING 3 scrolls of teleportation.
 11885 | Lair:1   | 11885 ||| READING 2 scrolls of teleportation.
 11889 | Lair:1   | HP: 1/77 [cane toad (9)]
 11928 | Lair:1   | 11928 ||| Stepping ~*~*~tactically~*~*~ (stealth).
 11930 | Lair:1   | 11930 ||| Stepping ~*~*~tactically~*~*~ (stealth).
 11943 | Lair:1   | 11943 ||| Stepping ~*~*~tactically~*~*~ (stealth).
 11957 | Lair:1   | 11957 ||| Stepping ~*~*~tactically~*~*~ (stealth).
 11958 | Lair:1   | 11958 ||| INVOKING Heroism.
 11960 | Lair:1   | 11960 ||| READING scroll of teleportation.
 11966 | Lair:1   | HP: 12/77 [yak (6)]
 11970 | Lair:1   | HP: 3/77 [yak (8)]
 11972 | Lair:1   | HP: 1/77 [yak (2)]
 11973 | Lair:1   | Slain by a yak

Levels and vault maps discovered:
D:1:      nzn_arrival_crosshair, layout_basic, chequers_serial_rivers_micro_a,
          minivault_27
D:2:      layout_rooms, dreamdust_ecumenical_altar_statues,
          nicolae_elevator_lobby_asterisk, uniq_crazy_yiuf_cottage
D:3:      layout_basic, mainiacjoe_overflow_alcove_2
D:4:      layout_gridville, minmay_misc_feat_tiny
D:5:      layout_basic, mainiacjoe_overflow_concentric_impassable,
          gammafunk_temple_overflow_forgotten, st_stairs_7
D:6:      layout_basic, mainiacjoe_overflow_tiny_flanked, lightli_minifort
D:7:      layout_loops_ring, general_overflow_altar,
          mainiacjoe_overflow_surrounded_room, minmay_temple_entry_statues,
          enter_bailey_2, minmay_statues_item, nicolae_water_bricks,
          minmay_starry_boxes
D:8:      layout_gridville, nicolae_gozag_cash_rules_everything_around_me,
          jiyva_altar_1
D:9:      layout_basic, erik_lair_dragon
Lair:1:   layout_misc_corridors, grunt_megastairs_3, uniq_maggie

Skill      XL: |  1  2  3  4  5  6  7  8  9 10 11 12 |
---------------+-------------------------------------+-----
Axes           | 2 3 4 5 6 7 8 9 11 12 13 | 13.1
Fighting       | 4 5 6 7 9 10 | 10.0
Armour         | 4 6 7 8 |  8.0
Dodging        | 1 2 |  2.0
Invocations    | 3 4 9 10 | 10.0
Shields        | 4 5 6 |  6.2
Throwing       | 1 |  1.2

Action                   |  1- 3 |  4- 6 |  7- 9 | 10-12 || total
-------------------------+-------+-------+-------+-------++-------
Melee: War axe           |   118 |   198 |   328 |   342 ||   986
Throw: Boomerang         |       |       |       |    56 ||    56
Invok: Heroism           |       |       |     8 |    20 ||    28
  Use: Scroll            |     4 |     5 |    10 |    13 ||    32
       Potion            |       |     2 |     1 |     4 ||     7
 Stab: Distracted        |       |       |       |     1 ||     1
Armor: Scale mail        |    55 |    44 |       |       ||    99
       Plate armour      |       |    73 |   176 |   175 ||   424
Dodge: Dodged            |    48 |    61 |   139 |   160 ||   408
Block: Buckler           |    22 |    47 |    61 |    86 ||   216

Table legend:
 A = Non-vault XP
 B = Vault XP
 C = Vault XP percentage of total XP
 D = Non-vault monster count
 E = Vault monster count
 F = Vault count percentage of total count
                 A         B        C        D         E       F
            +---------+---------+-------+---------+---------+-------
      Total |   17990 |    2773 |  13.4 |     250 |      25 |   9.1
            +---------+---------+-------+---------+---------+-------
        D:1 |      60 |       0 |   0.0 |      30 |       0 |   0.0
        D:2 |     194 |       0 |   0.0 |      19 |       0 |   0.0
        D:3 |     186 |       0 |   0.0 |      23 |       0 |   0.0
        D:4 |     529 |       0 |   0.0 |      38 |       0 |   0.0
        D:5 |     704 |      88 |  11.1 |      22 |       2 |   8.3
        D:6 |    1250 |     206 |  14.1 |      21 |       5 |  19.2
        D:7 |     605 |     228 |  27.4 |      12 |       7 |  36.8
        D:8 |    3092 |     173 |   5.3 |      32 |       4 |  11.1
        D:9 |    2692 |    1305 |  32.6 |      24 |       5 |  17.2
     Lair:1 |    8678 |     773 |   8.2 |      29 |       2 |   6.5
            +---------+---------+-------+---------+---------+-------
